 Dungeon Crawl Stone Soup version 0.29.0-13-gc9e81de378 (webtiles) character file.

Game seed: 7781683901681516292

96 ILmort the Skirmisher (level 4, -2/38 HPs)
             Began as a Gnoll Hunter on Sept 10, 2022.
             Slain by an orc
             ... wielding a +0 trident
              (5 damage)
             ... on level 3 of the Dungeon.
             The game lasted 00:04:36 (1782 turns).

ILmort the Skirmisher (Gnoll Hunter)                Turns: 1782, Time: 00:04:36

Health: -2/38      AC:  6    Str: 10    XL:     4   Next: 67%
Magic:  5/5        EV: 14    Int: 14    God:
Gold:   155        SH:  0    Dex: 18    Spells: 5/5 levels left

rFire   + . .      SeeInvis .   b - +0 whip (freeze)
rCold   . . .      Faith    .   (no shield)
rNeg    . . .      Spirit   .   o - +2 leather armour {rF+}
rPois   .          Reflect  .   (no helmet)
rElec   .          Harm     .   d - +0 cloak
rCorr   .          Rampage  .   (no gloves)
Will    .....                   (no boots)
Stlth   ++........              (no amulet)
HPRegen 0.12/turn               h - +6 ring of intelligence
MPRegen 0.09/turn               (no ring)

@: no status effects
A: fangs 1, strong nose, distributed training
a: no special abilities


You were on level 3 of the Dungeon.
You visited 1 branch of the dungeon, and saw 3 of its levels.

You collected 155 gold pieces.

Inventory:

Hand Weapons
 a - a +0 shortbow
 b - a +0 whip of freezing (weapon)
Armour
 d - a +0 cloak (worn)
 o - a +2 leather armour of fire resistance (worn)
Jewellery
 h - a +6 ring of intelligence (left hand)
Scrolls
 f - 2 scrolls of immolation
 n - a scroll of identify
 q - a scroll of silence
 r - 3 scrolls of blinking {unknown}
 s - a scroll of amnesia {unknown}
 u - a scroll of enchant weapon {unknown}
 v - a scroll of fog {unknown}
Potions
 c - a potion of magic {unknown}
 e - 2 potions of resistance {unknown}
 g - 3 potions of curing {unknown}
 j - 2 potions of heal wounds {unknown}
 k - 2 potions of degeneration {unknown}
 l - 2 potions of mutation {unknown}
 m - 2 potions of flight {unknown}
 p - a potion of attraction {unknown}
 t - a potion of invisibility {unknown}


   Skills:
 + Level 4.7 Fighting
 + Level 1.2 Short Blades
 + Level 1.2 Long Blades
 + Level 1.2 Axes
 + Level 1.2 Maces & Flails
 + Level 1.2 Polearms
 + Level 1.2 Staves
 + Level 8.6 Ranged Weapons
 + Level 1.2 Throwing
 + Level 1.2 Armour
 + Level 4.7 Dodging
 + Level 2.6 Stealth
 + Level 1.2 Shields
 + Level 1.2 Unarmed Combat
 + Level 1.2 Spellcasting
 + Level 1.0 Conjurations
 + Level 1.0 Hexes
 + Level 1.0 Summonings
 + Level 1.0 Necromancy
 + Level 1.0 Translocations
 + Level 1.0 Transmutations
 + Level 1.0 Fire Magic
 + Level 1.0 Ice Magic
 + Level 1.0 Air Magic
 + Level 1.0 Earth Magic
 + Level 1.0 Poison Magic
 + Level 1.4 Invocations
 + Level 1.2 Evocations


You had 5 spell levels left.
You didn't know any spells.
Your spell library contained the following spells:

 Spells                   Type           Power      Damage    Failure   Level
 Animate Dead             Necr           3%         N/A       91%         4
 Haunt                    Necr/Summ      1%         N/A       100%        7
 Infestation              Necr           1%         N/A       100%        8


Dungeon Overview and Level Annotations

Branches:
Dungeon (3/15)

Altars:
Trog

Annotations:
D:3 Sigmund


Innate Abilities, Weirdness & Mutations

You have very sharp teeth.
Your uncanny sense of smell can sniff out nearby items.
Your experience applies equally to all skills.


Message History

You are too injured to fight recklessly!
You are too injured to fight recklessly!
You are too injured to fight recklessly!
You are too injured to fight recklessly!
You are too injured to fight recklessly!
You are too injured to fight recklessly!
You are too injured to fight recklessly!
You are too injured to fight recklessly!
You are too injured to fight recklessly!
You are too injured to fight recklessly!
You are too injured to fight recklessly!
The orc attacks as you move away! The orc closely misses you.
Your +0 whip of freezing glows with a cold blue light!
b - a +0 whip of freezing (weapon)
You closely miss the orc. You bite the orc, but do no damage.
The orc closely misses you.
You barely miss the orc. The orc misses you. The orc hits you with a +0 flail.
You hit the orc. You freeze the orc. You bite the orc, but do no damage.
The orc hits you from afar with a +0 trident!
The orc completely misses you.
You barely miss the orc. The orc misses you. The orc hits you with a +0 flail.
You barely miss the orc.
The orc hits you from afar with a +0 trident.
* * * LOW HITPOINT WARNING * * *
The orc hits you but does no damage.
You closely miss the orc. You punch the orc, but do no damage.
The orc barely misses you.
You hit the orc but do no damage. The orc hits you but does no damage.
The orc hits you with a +0 flail!
* * * LOW HITPOINT WARNING * * *
The orc misses you.
As you read the scroll labelled RUYFFOU DOFFUCS, it crumbles to dust.
You feel a surge of unholy energy.
The orc convulses!
It was a scroll of torment.
The orc hits you but does no damage. The orc misses you.
As you read the scroll labelled BUWIUMNU SOLUWN, it crumbles to dust.
It is a scroll of identify.
q - a scroll of silence The orc hits you from afar with a +0 trident.
You die...

#..≈.......≈.# #. #......
##.≈.≈..§§.≈.# #. #.8...8
#.≈.≈._§≈.≈.####. #......
##.≈[≈...≈.≈...##. #..)<..
#..§......§§.#.##. ....)..
#..≈.≈≈≈≈≈.≈...... ..8.$.8
#............#####
.......#####..####....#......
#.8..†..oo@.# #.#^...#####
##$#.######## #.#...## #..
.#...#### # ...# #......###
#### ##..#.#.## #........
#..#.#.## ∆ #.#...###
#.##.##.##..


You could see 2 orcs.

Vanquished Creatures
  4 adders
  A worm (D:2)
  2 orcs (D:3)
  3 ball pythons
  An endoplasm (D:1)
  4 giant cockroaches
  8 goblins
  6 hobgoblins
  3 quokkas
  4 bats
  2 frilled lizards
  6 kobolds
  11 rats
55 creatures vanquished.

Notes
Turn   | Place    | Note
-------+----------+-------------------------------------------
     0 | D:1      | ILmort the Gnoll Hunter began the quest for the Orb.
     0 | D:1      | Reached XP level 1. HP: 20/20 MP: 1/1
    87 | D:1      | Reached XP level 2. HP: 26/26 MP: 2/2
   265 | D:1      | Reached XP level 3. HP: 31/31 MP: 3/3
   663 | D:2      | Reached skill level 1 in Invocations
   833 | D:2      | Reached skill level 1 in Short Blades
   833 | D:2      | Reached skill level 1 in Long Blades
   833 | D:2      | Reached skill level 1 in Axes
   833 | D:2      | Reached skill level 1 in Maces & Flails
   833 | D:2      | Reached skill level 1 in Polearms
   833 | D:2      | Reached skill level 1 in Staves
   833 | D:2      | Reached skill level 1 in Throwing
   833 | D:2      | Reached skill level 1 in Armour
   833 | D:2      | Reached skill level 1 in Shields
   833 | D:2      | Reached skill level 1 in Unarmed Combat
   833 | D:2      | Reached skill level 1 in Spellcasting
   833 | D:2      | Reached skill level 1 in Evocations
  1054 | D:2      | Reached XP level 4. HP: 26/38 MP: 5/5
  1388 | D:3      | Found a bloodstained altar of Trog.
  1553 | D:3      | Reached skill level 1 in Conjurations
  1553 | D:3      | Reached skill level 1 in Hexes
  1553 | D:3      | Reached skill level 1 in Summonings
  1553 | D:3      | Reached skill level 1 in Necromancy
  1553 | D:3      | Reached skill level 1 in Translocations
  1553 | D:3      | Reached skill level 1 in Transmutations
  1553 | D:3      | Reached skill level 1 in Fire Magic
  1553 | D:3      | Reached skill level 1 in Ice Magic
  1553 | D:3      | Reached skill level 1 in Air Magic
  1553 | D:3      | Reached skill level 1 in Earth Magic
  1553 | D:3      | Reached skill level 1 in Poison Magic
  1565 | D:3      | Noticed Sigmund
  1683 | D:3      | Found a faded altar of an unknown god.
  1782 | D:3      | Slain by an orc

Illustrated notes

Levels and vault maps discovered:
D:1:      shiori_shiawase, layout_basic
D:2:      layout_basic
D:3:      layout_loops_ring, mainiacjoe_overflow_cross_hatched,
          gammafunk_temple_overflow_wave, yredelemnul_forgotten_temple_becter,
          shapermc_ecumenical_altar_venn, grunt_ministairs_2, uniq_sigmund

Skill      XL: |  1  2  3  4 |
---------------+-------------+-----
Invocations    | 1 |  1.4
Short Blades   | 1 |  1.2
Long Blades    | 1 |  1.2
Axes           | 1 |  1.2
Maces & Flails | 1 |  1.2
Polearms       | 1 |  1.2
Staves         | 1 |  1.2
Throwing       | 1 |  1.2
Armour         | 1 |  1.2
Shields        | 1 |  1.2
Unarmed Combat | 1 |  1.2
Spellcasting   | 1 |  1.2
Evocations     | 1 |  1.2
Conjurations   | 1 |  1.0
Hexes          | 1 |  1.0
Summonings     | 1 |  1.0
Necromancy     | 1 |  1.0
Translocations | 1 |  1.0
Transmutations | 1 |  1.0
Fire Magic     | 1 |  1.0
Ice Magic      | 1 |  1.0
Air Magic      | 1 |  1.0
Earth Magic    | 1 |  1.0
Poison Magic   | 1 |  1.0
Fighting       | |  4.7
Ranged Weapons | |  8.6
Dodging        | |  4.7
Stealth        | |  2.6

Action                   |  1- 3 |  4- 6 || total
-------------------------+-------+-------++-------
Melee: Whip              |     7 |     7 ||    14
       Bite              |       |     2 ||     2
       Punch             |       |     1 ||     1
 Fire: Shortbow          |    88 |    42 ||   130
  Use: Scroll            |       |     2 ||     2
Armor: Leather armour    |     4 |     8 ||    12
Dodge: Dodged            |    15 |    19 ||    34
